AoeStats
← Talvi

Arabia

505636325Analyzed
1v1 RM · 22d ago on Sep 10, 2026· 34m 27s· 2 players
Game mode
Random Map
Map size
Tiny (2 player)
Population
200
Speed
Normal
Resources
Standard
Victory
Conquest
Starting age
Dark Age
Ending age
Imperial Age
RankedLock teamsTeams togetherTeam positionsShared explorationLock speedFull tech treeHidden civsTurbo modeCheats
Victory
Defeat
🇩🇪 Huns · Germany
548
+14
🇷🇴 Cumans · Romania
505
-14
Intrusul
3:35 Loom
13:22 Feudal Age
14:41 Wheelbarrow
15:05 Horse Collar
16:40 Double-Bit Axe
17:52 Forging
18:38 Scale Mail Armor
21:49 Arson
21:26 Man-at-Arms
24:16 Fletching
24:15 Arson
23:50 Man-at-Arms
32:01 Scale Barding Armor
Talvi
14:22 Feudal Age
16:01 Wheelbarrow
15:12 Town Watch
15:13 Loom
15:10 Horse Collar
15:17 Double-Bit Axe
15:27 Gold Mining
16:08 Man-at-Arms
16:35 Arson
17:16 Stone Mining
19:42 Bloodlines
20:46 Forging
34:30 Castle Age
35:25 Castle Age
33:57 Fletching
34:13 Scale Barding Armor
Connection lost

Rejoining the realm…

Still unreachable

The connection could not be restored.

Session expired

The server has moved on; the page needs a fresh start.